 Dungeon Crawl Stone Soup version 0.30-a0-737-gf23d94013f (webtiles) character file.

Game seed: 2235377570358606477

5 freelancePsychic the Cudgeller (level 1, -1/19 HPs)
             Began as an Armataur Chaos Knight on Feb 2, 2023.
             Was a Plaything of Xom.
             Slain by a quokka (2 damage)
             ... on level 1 of the Dungeon.
             The game lasted 00:00:27 (59 turns).

freelancePsychic the Cudgeller (AtCK)                 Turns: 59, Time: 00:00:27

Health: -1/19      AC:  6    Str: 17    XL:     1   Next: 66%
Magic:  1/1        EV:  9    Int: 12    God:    Xom [..*...]
Gold:   6          SH:  0    Dex:  9    Spells: 0/0 levels left

rFire   . . .      SeeInvis .    (no weapon)
rCold   . . .      Faith    .    (no shield)
rNeg    . . .      Spirit   .    b - +2 leather armour
rPois   .          Reflect  .    (no helmet)
rElec   .          Harm     .    (no cloak)
rCorr   .          Roll     +    (no gloves)
Will    .....                    (no barding)
Stlth   +                        (no amulet)
HPRegen 0.23/turn                (no ring)
MPRegen 0.07/turn                (no ring)

@: no status effects
A: large, rugged brown scales 3, deformed body, armoured tail, roll, long
tongue, awkward tongue
a: Renounce Religion


You were on level 1 of the Dungeon.
You worshipped Xom.
You were a toy of Xom.
You visited 1 branch of the dungeon, and saw 1 of its levels.

You collected 6 gold pieces.

Inventory:

Armour
 b - a +2 leather armour (worn)
Miscellaneous
 c - a piece from Xom's chessboard (13/15) (quivered)


   Skills:
 + Level 2.7 Fighting
 * Level 2.8 Maces & Flails
 - Level 2.4 Armour
 - Level 0.6 Dodging
 * Level 0.9 Stealth


You couldn't memorise any spells.
You didn't know any spells.
Your spell library was empty.

Dungeon Overview and Level Annotations

Branches:
Dungeon (1/15)

Altars:


Innate Abilities, Weirdness & Mutations

You are completely covered in rugged brown scales. (AC +3, +7% HP)
Armour fits poorly on your strangely shaped body.
You have a long armoured tail.
You roll when moving toward enemies. (Rampage)
Your long tongue fully drains potion bottles. (2x potion effects)
Your tongue gives you trouble enunciating. (1.5x scroll delay)


Message History

The quokka is severely wounded.
The quokka bites you but does no damage.
You hit the quokka.
The quokka is almost dead.
The quokka barely misses you. The quokka bites you.
You hit the quokka but do no damage.
Your tail-slap misses the quokka.
The quokka is almost dead.
The quokka bites you but does no damage.
You hit the quokka but do no damage.
The quokka is almost dead.
The quokka barely misses you.
You closely miss the quokka.
The quokka is almost dead.
The quokka bites you.
You hit the quokka but do no damage.
The quokka is almost dead.
The quokka twitches its whiskers.
The quokka bites you but does no damage.
You hit the quokka but do no damage.
Your tail-slap misses the quokka.
The quokka is almost dead.
The quokka bites you.
* * * LOW HITPOINT WARNING * * *
The quokka barely misses you.
You closely miss the quokka.
The quokka is almost dead.
The quokka twitches its whiskers.
The quokka bites you.
* * * LOW HITPOINT WARNING * * *
You miss the quokka.
The quokka is almost dead.
The quokka bites you but does no damage.
You make a move on Xom's chessboard...
The quokka struggles to resist.
The quokka bites you.
* * * LOW HITPOINT WARNING * * *
A shower of butterflies erupts from you!
You make a move on Xom's chessboard...
The quokka flickers and vanishes!
Deactivating autopickup; reactivate with Ctrl-A.
Something bites you.
You die...
Xom yawns loudly!

############...##
##....§§§........(.$
#.....§≈§§≈.....##..
#....§§§§≈≈≈......?
#<...§≈(>(≈§b....#
#....≈≈bbb§§....#
#.....≈§≈≈bb....#
##.......@{.....#
############)..#
##..# ..... ##.....
..... ###.


There were no monsters in sight!

Vanquished Creatures
  A dart slug (D:1)
  A goblin (D:1)
  2 frilled lizards (D:1)
4 creatures vanquished.

Notes
Turn   | Place    | Note
-------+----------+-------------------------------------------
     0 | D:1      | freelancePsychic the Armataur Chaos Knight began the quest
                  | for the Orb.
     0 | D:1      | Reached XP level 1. HP: 19/19 MP: 1/1
    19 | D:1      | XOM: smoke on damage
    58 | D:1      | XOM: butterfly on damage
    59 | D:1      | Slain by a quokka

Illustrated notes

Levels and vault maps discovered:
D:1:      lemuel_arrival_lava_pool, layout_loops_cross,
          chequers_ecumenical_altar_island

Action                     || total
---------------------------++-------
  Melee: Unarmed           ||    34
         Tailslap          ||     2
  Evoke: Piece from Xom's  ||     2
 Armour: Leather armour    ||    13
  Dodge: Dodged            ||    17

Table legend: (Time is in decaauts)
 A = Elapsed time spent in this place.
 B = Non-inter-level travel time spent in this place.
 C = Inter-level travel time spent in this place.
 D = Time resting spent in this place.
 E = Time spent auto-exploring this place.
 F = Levels seen in this place.
 G = Mean time per level.
                   A        B        C        D        E       F      G
               +--------+--------+--------+--------+--------+-----+--------+
         Total |     59 |     59 |      0 |      0 |      8 |   1 |   59.0 |
       Dungeon |     59 |     59 |      0 |      0 |      8 |   1 |   59.0 |
               +--------+--------+--------+--------+--------+-----+--------+

Top non-repeatable levels by time:
     D:1: 59 daAuts
